 Dungeon Crawl Stone Soup version 0.30.1-3-gfc49f6343a (webtiles) character file.

Game seed: 4235219296167121828

909 croobank the Covert (level 8, 0/54 HPs)
             Began as an Octopode Delver on July 22, 2023.
             Slain by Duvessa
             ... wielding a +8 short sword of holy wrath
              (17 damage)
             ... on level 5 of the Dungeon.
             The game lasted 00:15:59 (4476 turns).

croobank the Covert (Octopode Delver)               Turns: 4476, Time: 00:16:00

Health: 0/54       AC:  1    Str: 11 (12) XL:     8   Next: 8%
Magic:  12/12      EV: 14    Int: 13 (14) God:
Gold:   351        SH:  0    Dex: 12 (13) Spells: 10/13 levels left

rFire   . . .        a - +1 dagger (speed)
rCold   . . .        (no shield)
rNeg    . . .        (helmet restricted)
rPois   .            u - amulet of magic regeneration
rElec   .            d - ring of see invisible
rCorr   .            v - ring of wizardry
SInv    +            (no ring)
Will    .....        (no ring)
Stlth   +++++        (no ring)
HPRegen 0.29/turn    (no ring)
MPRegen 0.53/turn    (no ring)
                     (no ring)

%: wizardry (x1)
@: hasted, very quick
A: almost no armour, amphibious, 8 rings, camouflage 1, gelatinous body 1,
(nimble swimmer 1), tentacles
a: no special abilities


You were on level 5 of the Dungeon.
You visited 1 branch of the dungeon, and saw 6 of its levels.

You collected 351 gold pieces.

Inventory:

Hand Weapons
 a - a +1 dagger of speed (weapon)
 c - a +1 vampiric spear
 e - a +0 hand axe
 k - a +2 short sword of holy wrath
Missiles
 y - 5 javelins (quivered)
Magical Staves
 j - a staff of earth
 t - a staff of fire
Jewellery
 d - a ring of see invisible (left tentacle)
 u - an amulet of magic regeneration (around mantle)
 v - a ring of wizardry (right tentacle)
Wands
 f - a wand of digging (3)
 g - a wand of flame (11)
Scrolls
 b - 2 scrolls of fog
 i - 2 scrolls of enchant weapon {unknown}
 l - a scroll of noise {unknown}
 m - 5 scrolls of identify {unknown}
 o - a scroll of amnesia {unknown}
 x - 2 scrolls of teleportation {unknown}
Potions
 p - 2 potions of cancellation {unknown}
 q - a potion of might {unknown}
 r - a potion of haste
 s - 2 potions of flight {unknown}
 w - a potion of resistance {unknown}


   Skills:
 + Level 4.5 Fighting
 + Level 3.9 Short Blades
 + Level 4.0 Dodging
 + Level 8.5 Stealth
 * Level 3.2 Spellcasting
 * Level 3.4 Air Magic


You had 10 spell levels left.
You knew the following spells:

 Your Spells              Type           Power      Damage    Failure   Level
a - Vhi's Electric Charg  Tloc/Air       12%        N/A       13%         3

Your spell library contained the following spells:

 Spells                   Type           Power      Damage    Failure   Level
 Slow                     Hex            8%         N/A       9%          1
 Confusing Touch          Hex            2%         N/A       26%         3
 Vampiric Draining        Necr           2%         2d6       26%         3
 Arcjolt                  Conj/Air       3%         1d13      73%         5
 Maxwell's Capacitive Co  Air            5%         ∞         100%        8


Dungeon Overview and Level Annotations

Branches:
Dungeon (6/15)
 Temple: D:4-7

Altars:
Sif Muna

Annotations:
D:5 Dowan, Duvessa


Innate Abilities, Weirdness & Mutations

You cannot wear most types of armour.
You are amphibious.
You can wear up to eight rings at the same time.
Your skin changes colour to match your surroundings (Stealth+).
Your rubbery body absorbs attacks. (AC +1, EV +1)
((You are camouflaged when in or above water. (Stealth+)))
You have tentacles for arms and can constrict up to eight enemies at once.


Message History

Duvessa is lightly wounded.
You constrict Duvessa, but do no damage.
Duvessa hits you with a +8 short sword of holy wrath!
* * * LOW HITPOINT WARNING * * *
Dowan gestures wildly while chanting.
Dowan blinks!
You feel much better.
You constrict Duvessa. Duvessa closely misses you.
You hit Duvessa but do no damage. You squeeze Duvessa, but do no damage.
Duvessa is moderately wounded.
You constrict Duvessa, but do no damage.
You completely miss Duvessa. You squeeze Duvessa, but do no damage.
Duvessa is moderately wounded.
You constrict Duvessa.
Duvessa hits you with a +8 short sword of holy wrath.
You hit Duvessa but do no damage.
Duvessa is moderately wounded.
You constrict Duvessa, but do no damage.
Duvessa says, "Where magic fails, the sword succeeds!"
Duvessa hits you with a +8 short sword of holy wrath!
You hit Duvessa but do no damage.
Duvessa is moderately wounded.
You constrict Duvessa. You hit Duvessa.
Duvessa is moderately wounded.
You constrict Duvessa.
Duvessa hits you with a +8 short sword of holy wrath!
* * * LOW HITPOINT WARNING * * *
You hit Duvessa but do no damage.
Duvessa is moderately wounded.
You constrict Duvessa, but do no damage.
Okay, then.
You hit Duvessa but do no damage. You squeeze Duvessa.
Duvessa is heavily wounded.
You constrict Duvessa, but do no damage.
Duvessa hits you with a +8 short sword of holy wrath!
* * * LOW HITPOINT WARNING * * *
You feel better.
You constrict Duvessa, but do no damage.
Duvessa hits you with a +8 short sword of holy wrath!
You die...

####### ######.....#
##...##.###.###########
##.....#.# #..<....[...#
#######........###.#########.#
...................# #.####
#######.......##.###########.....
##.................#.......
##...##.e@.....##.#[#.####
##.###..#####.##.#.......
#.......####......#.#### ##
##.###.............#.# .#
#....e...###.###...#.## .#
#..#.....###.###......### .#
#........................ .#
#.##.##...............#.. .#
#.##.###.###.####..####.#


You could see Duvessa (fast) and Dowan.

Vanquished Creatures
  An ice beast (D:5)
  An ogre (D:5)
  3 scorpions
  2 hounds
  5 orc priests
  7 orc wizards (D:4)
  4 adders
  An ufetubus (D:5)
  2 worms
  2 dart slugs
  27 orcs
  6 endoplasms
  3 giant cockroaches
  7 goblins
  6 hobgoblins
  8 jackals
  5 quokkas
  6 ball pythons
  2 bats (D:1)
  5 frilled lizards
  9 kobolds
  7 rats
119 creatures vanquished.

Vanquished Creatures (collateral kills)
  An orc (D:4)
1 creature vanquished.

Grand Total: 120 creatures vanquished

Notes
Turn   | Place    | Note
-------+----------+-------------------------------------------
     0 | D:5      | croobank the Octopode Delver began the quest for the Orb.
     0 | D:5      | Reached XP level 1. HP: 16/16 MP: 1/1
     1 | D:6      | Noticed a scorpion
     1 | D:6      | Noticed a hornet
     6 | D:6      | Killed a scorpion
     7 | D:6      | Reached skill level 7 in Stealth
     7 | D:6      | Reached XP level 2. HP: 21/21 MP: 2/2
     7 | D:6      | Reached XP level 3. HP: 26/26 MP: 3/3
   117 | D:4      | Reached XP level 4. HP: 31/31 MP: 4/4
   864 | D:1      | Reached XP level 5. HP: 37/37 MP: 5/5
  1685 | D:3      | Learned a level 3 spell: Vhi's Electric Charge
  1863 | D:3      | Reached skill level 1 in Spellcasting
  1863 | D:3      | Reached skill level 1 in Air Magic
  2114 | D:3      | Found a shimmering blue altar of Sif Muna.
  2521 | D:4      | Reached XP level 6. HP: 40/43 MP: 4/8
  2842 | D:4      | HP: 1/43 [orc/+0 club (4)]
  2872 | D:4      | Reached skill level 8 in Stealth
  2927 | D:4      | Reached XP level 7. HP: 24/48 MP: 7/10
  3924 | D:5      | Reached XP level 8. HP: 29/54 MP: 12/12
  4456 | D:6      | Noticed Duvessa
  4456 | D:6      | Noticed Dowan
  4476 | D:5      | Slain by Duvessa

Illustrated notes

Levels and vault maps discovered:
D:1:      dpeg_arrival_three_same_balls, layout_basic, hangedman_decor_opposing,
          grunt_decor_fettered, minmay_3d_cube
D:2:      layout_basic
D:3:      layout_basic, mainiacjoe_overflow_six_doors_small
D:4:      layout_gridville, cheibrodos_sewer_entry_bend
D:5:      layout_loops_ring
D:6:      layout_cave_pods, grunt_ministairs_4, columned_hall_lemuel,
          uniq_duvessa, uniq_edmund, uniq_pikel, uniq_maggie, uniq_eustachio

Skill      XL: |  1  2  3  4  5  6  7  8 |
---------------+-------------------------+-----
Stealth        | 7 8 |  8.5
Short Blades   | 3 |  3.9
Dodging        | 3 4 |  4.0
Spellcasting   | 1 2 3 |  3.2
Air Magic      | 1 2 3 |  3.4
Fighting       | 4 |  4.5

Action                     |  1- 3 |  4- 6 |  7- 9 || total
---------------------------+-------+-------+-------++-------
  Melee: Short sword       |    10 |   154 |     2 ||   166
         Tentacles         |     4 |    30 |    30 ||    64
         Constrict         |     1 |    32 |    20 ||    53
         Punch             |       |     1 |     4 ||     5
         Dagger            |       |       |   130 ||   130
   Cast: Vhi's Electric Ch |       |     5 |     5 ||    10
    Use: Scroll            |     1 |     1 |     2 ||     4
         Potion            |       |     5 |     9 ||    14
   Stab: Sleeping          |     1 |    46 |     5 ||    52
 Armour: Skin              |       |     5 |    45 ||    50
  Dodge: Dodged            |     7 |    53 |    62 ||   122
